[Event "Titled Tuesday Blitz April 11 Late 2023"]
[White "Poliakova, Varvara"]
[Black "Santos Flores, Alberto"]
[WhiteFideId "13518313"]
[BlackFideId "3601234"]
[WhiteElo "2075"]
[BlackElo "2235"]
[Result "0-1"]
[Round "07"]
[TimeControl "180+2"]
[Date "2023.04.11"]
[WhiteClock "0:02:06"]
[BlackClock "0:02:14"]

1. e4 c5 2. Nf3 Nc6 3. d4 cxd4 4. Nxd4 g6 5. Nc3 Bg7 6. Nb3 Bxc3+ 7. bxc3 Nf6 8. Bd3 d5 9. exd5 Qxd5 10. O-O O-O 11. c4 Qd8 12. Bb2 b6 13. Qd2 Bb7 14. Rad1 Rc8 15. Rfe1 Qc7 16. Qg5 Kg7 17. Re3 h6 18. Rf3 hxg5 19. Rg3 Rfd8 20. Rxg5 Nb4 0-1


[Site "https://www.chess.com"]

[Event "Titled Tuesday Blitz April 11 Late 2023"]
[White "Ladan, Nicholas"]
[Black "Leiva, Gianmarco"]
[WhiteFideId "30918855"]
[BlackFideId "3804399"]
[WhiteElo "2167"]
[BlackElo "2345"]
[Result "0-1"]
[Round "07"]
[TimeControl "180+2"]
[Date "2023.04.11"]
[WhiteClock "0:00:21"]
[BlackClock "0:01:05"]

1. d4 Nf6 2. Nf3 e6 3. g3 d5 4. Bg2 Be7 5. O-O O-O 6. c4 c6 7. Qc2 Nbd7 8. Nbd2 b6 9. e4 dxc4 10. Nxc4 Bb7 11. Bf4 c5 12. Rfe1 cxd4 13. Nxd4 Rc8 14. e5 Bxg2 15. Kxg2 Nxe5 16. Bxe5 Qd5+ 17. Kg1 Rxc4 18. Qd2 Bb4 19. Qg5 Bxe1 20. Nf5 Bxf2+ 21. Kxf2 Ne4+ 22. Ke3 Qd2+ 0-1


[Site "https://www.chess.com"]

[Event "Titled Tuesday Blitz April 11 Late 2023"]
[White "Martin Barcelo, Carles"]
[Black "Mamedov, Edgar"]
[WhiteFideId "24561444"]
[BlackFideId "13739980"]
[WhiteElo "2089"]
[BlackElo "2330"]
[Result "1-0"]
[Round "07"]
[TimeControl "180+2"]
[Date "2023.04.11"]
[WhiteClock "0:01:36"]
[BlackClock "0:00:08"]

1. e4 d5 2. exd5 Qxd5 3. Nc3 Qd8 4. Nf3 Nf6 5. d4 Bg4 6. h3 Bxf3 7. Qxf3 c6 8. Be3 e6 9. Bd3 Bb4 10. O-O Bxc3 11. bxc3 O-O 12. Rab1 Qe7 13. Qg3 Nd5 14. Bd2 Na6 15. c4 Ndb4 16. Bg5 f6 17. Bf4 Nxd3 18. Bd6 Qf7 19. Bxf8 Rxf8 20. Qxd3 1-0


[Site "https://www.chess.com"]

[Event "Titled Tuesday Blitz April 11 Late 2023"]
[White "Vlassov, Nikolai"]
[Black "Bas Mas, Jose Joaquin"]
[WhiteFideId "4103360"]
[BlackFideId "22219064"]
[WhiteElo "2324"]
[BlackElo "2233"]
[Result "1-0"]
[Round "07"]
[TimeControl "180+2"]
[Date "2023.04.11"]
[WhiteClock "0:00:10"]
[BlackClock "0:00:02"]

1. e4 Nf6 2. e5 Nd5 3. d4 d6 4. c4 Nb6 5. exd6 cxd6 6. Nc3 g6 7. a4 Bg7 8. a5 N6d7 9. Nf3 O-O 10. Be2 Nf6 11. O-O Bg4 12. b4 d5 13. c5 e6 14. b5 a6 15. Ba3 Re8 16. Bb4 Ne4 17. Ra3 axb5 18. Nxb5 Nc6 19. Qa4 Bxf3 20. gxf3 Qg5+ 21. Kh1 Nd2 22. Rg1 Qh6 23. Re3 Nc4 24. Bxc4 dxc4 25. Bc3 Qh4 26. Qxc4 e5 27. Nd6 Re7 28. d5 Nd4 29. Rg2 Rd8 30. Nb5 Qh5 31. d6 Re6 32. Nxd4 exd4 33. Bxd4 Rxe3 34. Bxe3 Qxf3 35. Qg4 Qd5 36. h4 Ra8 37. Qg5 Qd1+ 38. Kh2 Rxa5 39. Qe7 Ra1 40. d7 Qh1+ 41. Kg3 Bf6 42. Qxf6 1-0


[Site "https://www.chess.com"]

[Event "Titled Tuesday Blitz April 11 Late 2023"]
[White "Estrada Nieto, Julian"]
[Black "Djokic, Mihailo"]
[WhiteFideId "5101018"]
[BlackFideId "976440"]
[WhiteElo "2161"]
[BlackElo "2294"]
[Result "1-0"]
[Round "07"]
[TimeControl "180+2"]
[Date "2023.04.11"]
[WhiteClock "0:00:50"]
[BlackClock "0:01:24"]

1. e4 c5 2. Nf3 d6 3. Bb5+ Bd7 4. Bxd7+ Qxd7 5. O-O Nc6 6. Qe2 g6 7. c3 Bg7 8. Rd1 Nf6 9. d4 cxd4 10. cxd4 d5 11. exd5 Nxd5 12. Nc3 O-O 13. Bg5 e6 14. Rac1 Nxc3 15. bxc3 Rac8 16. c4 Nxd4 17. Nxd4 Bxd4 18. Qg4 Rc5 19. Be3 Bxe3 20. Rxd7 Bxc1 21. Qd4 Ra5 22. h4 b6 23. g3 Bh6 24. Rd8 Rxa2 25. h5 Rd2 26. Rxf8+ Kxf8 27. Qh8+ Ke7 28. Qxh7 Bg5 29. hxg6 1-0


[Site "https://www.chess.com"]

[Event "Titled Tuesday Blitz April 11 Late 2023"]
[White "Klenburg, Michael"]
[Black "Davidson, Kevin"]
[WhiteFideId "14102072"]
[BlackFideId "2056810"]
[WhiteElo "2396"]
[BlackElo "2151"]
[Result "1-0"]
[Round "07"]
[TimeControl "180+2"]
[Date "2023.04.11"]
[WhiteClock "0:00:17"]
[BlackClock "0:00:02"]

1. e4 c5 2. d3 Nc6 3. g3 g6 4. Bg2 Bg7 5. f4 d6 6. Nf3 Nf6 7. O-O O-O 8. h3 Rb8 9. g4 b5 10. Nc3 b4 11. Ne2 a5 12. Be3 Nd7 13. Rb1 a4 14. Qd2 Qb6 15. f5 Nde5 16. Nxe5 Nxe5 17. Kh1 Ba6 18. b3 axb3 19. axb3 Bb7 20. g5 Rfe8 21. f6 exf6 22. gxf6 Bh8 23. Bg5 Ra8 24. Ra1 Ra3 25. h4 Rea8 26. Rac1 Ra2 27. h5 R8a3 28. hxg6 hxg6 29. Qe1 Rb2 30. Rf4 Raa2 31. Rh4 Qd8 32. Rxh8+ Kxh8 33. Qh4+ Kg8 34. Bh6 g5 35. Qxg5+ Ng6 36. Bg7 Rxc2 37. Rxc2 Rxc2 38. Nf4 Qe8 39. Qh6 Bc8 40. Nd5 Be6 41. Ne7+ Qxe7 42. fxe7 1-0


[Site "https://www.chess.com"]

[Event "Titled Tuesday Blitz April 11 Late 2023"]
[White "Haydon, David L"]
[Black "Senthilkumar, Pranav"]
[WhiteFideId "415405"]
[BlackFideId "2083477"]
[WhiteElo "2326"]
[BlackElo "1860"]
[Result "0-1"]
[Round "07"]
[TimeControl "180+2"]
[Date "2023.04.11"]
[WhiteClock "0:01:33"]
[BlackClock "0:01:26"]

1. d4 Nf6 2. Nc3 d5 3. Bf4 g6 4. Qd2 Bg7 5. Bh6 O-O 6. Bxg7 Kxg7 7. h4 h5 8. Nf3 c5 9. dxc5 Na6 10. Qd4 Bf5 11. O-O-O Qa5 12. e3 Rfd8 13. a3 Nxc5 14. Ng5 Rac8 15. f3 Na4 16. Qxa4 Qxa4 17. Nxa4 Rxc2+ 18. Kb1 Rd2+ 19. Bd3 Bxd3+ 20. Ka1 Rxd1+ 21. Rxd1 Bc2 22. Rd4 e5 23. Rb4 b6 24. b3 d4 25. exd4 exd4 26. Nb2 d3 27. Rc4 Bxb3 28. Rc7 d2 29. Kb1 d1=Q+ 30. Nxd1 Rxd1+ 31. Kb2 Bd5 32. Rxa7 Rd2+ 33. Kc3 Rxg2 34. Ra6 Bxf3 35. Rxb6 Nd5+ 36. Kd4 Nxb6 0-1


[Site "https://www.chess.com"]

[Event "Titled Tuesday Blitz April 11 Late 2023"]
[White "Ibadov, Dashgyn"]
[Black "Gallegos Diaz, Carlos Alberto"]
[WhiteFideId "24107514"]
[BlackFideId "3900886"]
[WhiteElo "2208"]
[BlackElo "2362"]
[Result "1-0"]
[Round "07"]
[TimeControl "180+2"]
[Date "2023.04.11"]
[WhiteClock "0:01:07"]
[BlackClock "0:01:44"]

1. d4 d6 2. e4 Nf6 3. Nc3 c6 4. Nf3 Qa5 5. Bd3 e5 6. O-O Be7 7. h3 O-O 8. a3 Re8 9. b4 Qc7 10. Ne2 Nbd7 11. dxe5 dxe5 12. Ng3 h6 13. Nf5 Bf8 14. Nh2 a5 15. bxa5 Nc5 16. Ng4 Nfxe4 17. Ngxh6+ gxh6 18. Qg4+ Ng5 19. Bxg5 hxg5 20. Qxg5+ Kh8 21. Qh5+ Kg8 22. Ne7+ 1-0


[Site "https://www.chess.com"]

[Event "Titled Tuesday Blitz April 11 Late 2023"]
[White "Martic, Ivan"]
[Black "Skaric, Djuro"]
[WhiteFideId "929301"]
[BlackFideId "934569"]
[WhiteElo "2360"]
[BlackElo "2282"]
[Result "1-0"]
[Round "07"]
[TimeControl "180+2"]
[Date "2023.04.11"]
[WhiteClock "0:00:15"]
[BlackClock "0:00:28"]

1. Nf3 d6 2. d4 g6 3. c4 Bg7 4. Nc3 Nf6 5. g3 O-O 6. Bg2 Nc6 7. O-O e5 8. d5 Ne7 9. e4 h6 10. Ne1 Nd7 11. Nd3 f5 12. f4 Kh7 13. Kh1 Nb6 14. fxe5 dxe5 15. c5 Nd7 16. d6 Nc6 17. Nb5 cxd6 18. cxd6 Nb6 19. Nc7 Qxd6 20. Nxa8 Nxa8 21. exf5 gxf5 22. Be3 Rd8 23. Nc5 Qe7 24. Qh5 Nd4 25. Rac1 Nb6 26. Bxd4 Rxd4 27. Rxf5 Bxf5 28. Qxf5+ Kg8 29. Be4 Qf6 30. Qxf6 Bxf6 31. Bxb7 Be7 32. Ne4 Rb4 33. b3 Kg7 34. Rc7 Kf8 35. Kg2 a5 36. Bc6 a4 37. bxa4 Nxa4 38. Rb7 Rd4 39. Rb8+ Kg7 40. Rb7 Kf8 41. h4 Kf7 42. Kf3 Rb4 43. Rxb4 Bxb4 44. Bxa4 Ke6 45. Bb3+ Kf5 46. g4+ Kg6 47. a4 Ba5 48. Be6 Bb6 49. Bf5+ Kg7 50. Ke2 Ba5 51. Kd3 Be1 52. h5 Ba5 53. Kc4 Bc7 54. Kb5 Kf8 55. a5 Bxa5 56. Kxa5 Ke7 57. Kb5 1-0


[Site "https://www.chess.com"]

[Event "Titled Tuesday Blitz April 11 Late 2023"]
[White "Almeida Junior, Alvaro Alves de"]
[Black "Hajiyev, Kanan"]
[WhiteFideId "2149974"]
[BlackFideId "13404148"]
[WhiteElo "2122"]
[BlackElo "2103"]
[Result "1-0"]
[Round "07"]
[TimeControl "180+2"]
[Date "2023.04.11"]
[WhiteClock "0:00:15"]
[BlackClock "0:00:43"]

1. e4 c6 2. d4 d5 3. exd5 cxd5 4. Bd3 Nc6 5. c3 Qc7 6. Ne2 Bg4 7. f3 Bh5 8. Bf4 Qd7 9. O-O e6 10. Nd2 Bd6 11. Bxd6 Qxd6 12. Qb3 Rb8 13. Rae1 Nf6 14. Ng3 Bg6 15. Nf5 Bxf5 16. Bxf5 O-O 17. Bb1 b5 18. a3 Rfc8 19. f4 g6 20. Qd1 a5 21. Nf3 b4 22. axb4 axb4 23. Ne5 bxc3 24. bxc3 Na5 25. Rf3 Rb3 26. Qd2 Qa3 27. f5 exf5 28. Bxf5 Rcxc3 29. Bxg6 hxg6 30. Rxf6 Nc4 31. Qg5 Nxe5 32. dxe5 Qc5+ 33. Kh1 Qf8 34. e6 Rb7 35. exf7+ Rxf7 36. Rxg6+ Rg7 37. Rxg7+ Qxg7 38. Re8+ Kh7 39. Qxg7+ Kxg7 40. h3 Kf7 41. Rd8 Ke6 42. Kh2 Re3 43. Re8+ Kf5 44. Rxe3 d4 45. Rd3 Ke4 46. Rxd4+ Kxd4 47. Kg3 Ke5 48. Kg4 Kf6 49. Kf4 Kg6 50. g4 Kh6 51. Kf5 Kg7 52. Kg5 Kh7 53. h4 Kg7 54. h5 Kh7 55. h6 Kh8 56. Kg6 Kg8 57. g5 Kh8 58. Kf7 Kh7 59. g6+ Kxh6 60. g7 Kh5 61. g8=Q Kh4 62. Qg2 Kh5 63. Kf6 1-0


[Site "https://www.chess.com"]

[Event "Titled Tuesday Blitz April 11 Late 2023"]
[White "Tomaszewski, Kacper"]
[Black "Osmonbekov, Talaibek"]
[WhiteFideId "1127373"]
[BlackFideId "2017253"]
[WhiteElo "2211"]
[BlackElo "2135"]
[Result "1-0"]
[Round "07"]
[TimeControl "180+2"]
[Date "2023.04.11"]
[WhiteClock "0:00:04"]
[BlackClock "0:00:01"]

1. c4 e5 2. e3 d6 3. Nc3 f5 4. d4 e4 5. Nge2 Nf6 6. b4 Be7 7. Qb3 O-O 8. Nf4 Kh8 9. c5 a5 10. Ba3 axb4 11. Bxb4 Nc6 12. cxd6 Nxb4 13. dxe7 Qxe7 14. h4 Ra3 15. Qb2 c5 16. Nb5 Ra5 17. h5 cxd4 18. Nxd4 Nd3+ 19. Bxd3 exd3 20. Qb3 Qf7 21. Ng6+ Kg8 22. Ne7+ Kh8 23. Qxf7 Rxf7 24. Nxc8 Rc7 25. Nd6 Rd5 26. N6b5 Rcc5 27. O-O Rxb5 28. Nxb5 Rxb5 29. Rab1 Rd5 30. Rxb7 h6 31. Rd1 Nxh5 32. Rb3 d2 33. Rb2 f4 34. Rbxd2 Ra5 35. e4 f3 36. g3 Nf6 37. Re1 Ng4 38. Rb2 Kh7 39. e5 Nxe5 40. Re3 1-0


[Site "https://www.chess.com"]

[Event "Titled Tuesday Blitz April 11 Late 2023"]
[White "Karamsetty, Jeevan"]
[Black "Mikhalsky, Vladimir"]
[WhiteFideId "2025337"]
[BlackFideId "14144352"]
[WhiteElo "2111"]
[BlackElo "2236"]
[Result "0-1"]
[Round "07"]
[TimeControl "180+2"]
[Date "2023.04.11"]
[WhiteClock "0:00:05"]
[BlackClock "0:00:13"]

1. e4 g6 2. d4 Bg7 3. Nc3 d6 4. Be3 a6 5. h4 h5 6. Nf3 Bg4 7. Qd2 Bxf3 8. gxf3 Nc6 9. O-O-O e5 10. d5 Nd4 11. f4 c5 12. dxc6 bxc6 13. Bc4 Ne7 14. fxe5 dxe5 15. f4 c5 16. fxe5 Bxe5 17. Bg5 f6 18. Be3 Qb6 19. Na4 Qc6 20. Qa5 Qxe4 21. Bxd4 cxd4 22. Rhe1 Qc6 23. Rxe5 fxe5 24. Qxe5 O-O-O 25. b3 Nf5 26. Qa5 Rd6 27. Bd3 Ne3 28. Rg1 Kb7 29. Qe5 Re8 30. Qg7+ Qc7 31. Qh6 Nxc2 32. Kb2 Nb4 33. Bc4 d3 34. Rg2 Rc6 35. Qg5 Qe5+ 36. Qxe5 Rxe5 37. Kc3 Nd5+ 38. Kd4 Nf4 39. Rg3 Ra5 40. Nc3 Rd6+ 41. Ke4 Ne2 42. Rxd3 Rxd3 43. Kxd3 Nxc3 44. Kxc3 Rxa2 45. Bf7 Rh2 46. Bxg6 Rxh4 47. Bf5 Kb6 48. Be6 Kc5 49. Kb2 a5 50. Ka3 Rf4 51. Bd7 h4 52. Bh3 Rf3 53. Bg4 Rg3 54. Be6 h3 55. Ka4 h2 56. Bf5 h1=Q 57. b4+ axb4 58. Bd3 Qa1+ 59. Kb3 Rxd3+ 60. Kc2 Qc3+ 0-1


[Site "https://www.chess.com"]

[Event "Titled Tuesday Blitz April 11 Late 2023"]
[White "Pasti, Aron"]
[Black "Gurevich, Dmitry"]
[WhiteFideId "785857"]
[BlackFideId "2000407"]
[WhiteElo "2173"]
[BlackElo "2506"]
[Result "1/2-1/2"]
[Round "07"]
[TimeControl "180+2"]
[Date "2023.04.11"]
[WhiteClock "0:01:09"]
[BlackClock "0:00:37"]

1. e4 c5 2. Nf3 d6 3. d4 cxd4 4. Nxd4 Nf6 5. Nc3 Nc6 6. Bg5 g6 7. Bxf6 exf6 8. Bb5 Bd7 9. O-O Be7 10. Nd5 O-O 11. c3 a6 12. Be2 Nxd4 13. Qxd4 f5 14. Bf3 fxe4 15. Bxe4 Bc6 16. Rad1 Bxd5 17. Qxd5 Rb8 18. Kh1 Re8 19. f4 Bf6 20. Bf3 Bg7 21. Qxd6 Qxd6 22. Rxd6 a5 23. g3 b5 24. Rfd1 b4 25. Rd7 bxc3 26. bxc3 Bxc3 27. Bd5 Rf8 28. Bc4 Kg7 29. Rc7 Rbc8 30. Rdd7 Rxc7 31. Rxc7 h5 32. Bxf7 Rxf7 33. Rxc3 Rb7 34. a3 Rb1+ 35. Kg2 Rb2+ 36. Kf3 Rxh2 37. Rc5 h4 38. Rxa5 Rh3 39. Kg4 Rxg3+ 40. Kxh4 Rg1 41. Ra6 Rh1+ 42. Kg4 Rg1+ 43. Kf3 Rf1+ 44. Ke3 Re1+ 45. Kf2 Re4 46. Kf3 Rc4 47. a4 Rc3+ 48. Ke4 Rc4+ 49. Ke5 Rc5+ 50. Kd4 Rf5 51. Ke4 Rc5 52. a5 Rc4+ 53. Ke5 Ra4 54. Ra7+ Kh6 55. f5 gxf5 56. Kxf5 Ra1 57. a6 Rf1+ 58. Ke6 Kg6 59. Rb7 Rf6+ 60. Kd5 Rxa6 61. Kc5 Rf6 62. Rb6 Rxb6 63. Kxb6 1/2-1/2


[Site "https://www.chess.com"]

[Event "Titled Tuesday Blitz April 11 Late 2023"]
[White "Sreyas Payyappat"]
[Black "Melikhov, Evgeny V."]
[WhiteFideId "46674969"]
[BlackFideId "4122046"]
[WhiteElo "2083"]
[BlackElo "2158"]
[Result "1-0"]
[Round "07"]
[TimeControl "180+2"]
[Date "2023.04.11"]
[WhiteClock "0:00:52"]
[BlackClock "0:00:03"]

1. e4 e5 2. Nf3 Nc6 3. Bd3 Nf6 4. c3 d5 5. Qe2 dxe4 6. Bxe4 Nxe4 7. Qxe4 Bd6 8. d4 O-O 9. O-O exd4 10. cxd4 Re8 11. Qd3 h6 12. Nc3 Qf6 13. Be3 Bg4 14. Nd2 Qh4 15. g3 Qh3 16. Rae1 Rad8 17. Nce4 Nb4 18. Qc4 Rxe4 19. f3 Bxg3 20. hxg3 Qxg3+ 21. Kh1 Bh3 22. Rg1 Bg2+ 23. Rxg2 Rh4+ 24. Kg1 Qxe1+ 25. Nf1 Nd5 26. Bf2 Qe6 27. Bxh4 b5 28. Qe2 Re8 29. Qxe6 Rxe6 30. Bg3 g5 31. f4 g4 32. f5 Rf6 33. Be5 Rxf5 34. Rxg4+ Kf8 35. Bg7+ Ke7 36. Bxh6 Nb4 37. Re4+ Kd7 38. a3 Nd3 39. Ne3 Rh5 40. Ng4 f5 41. Nf6+ 1-0


[Site "https://www.chess.com"]

[Event "Titled Tuesday Blitz April 11 Late 2023"]
[White "Nadj Hedjesi, Balind"]
[Black "Krishnan, Varun"]
[WhiteFideId "934003"]
[BlackFideId "5054508"]
[WhiteElo "2368"]
[BlackElo "2341"]
[Result "0-1"]
[Round "07"]
[TimeControl "180+2"]
[Date "2023.04.11"]
[WhiteClock "0:00:01"]
[BlackClock "0:01:10"]

1. e4 c5 2. Nf3 d6 3. d4 cxd4 4. Nxd4 Nf6 5. Nc3 a6 6. Rg1 b5 7. g4 Bb7 8. g5 Nxe4 9. Nxe4 Bxe4 10. a4 b4 11. Qe2 d5 12. f3 Bg6 13. f4 Be4 14. Bg2 Bxg2 15. Rxg2 e6 16. f5 Qb6 17. fxe6 Qxd4 18. exf7+ Kd7 19. Rg4 Qc5 20. Be3 Qd6 21. O-O-O Nc6 22. Qg2 Ne7 23. Rgd4 Kc6 24. Rc4+ Kb7 25. Bc5 Qc6 26. Rxb4+ Kc8 27. Qg4+ Qd7 28. Qxd7+ Kxd7 29. Bxe7 Bxe7 30. Rb7+ Kd6 0-1


[Site "https://www.chess.com"]

[Event "Titled Tuesday Blitz April 11 Late 2023"]
[White "Filgueiras, Nathan Felipe"]
[Black "Papayan, Oleg"]
[WhiteFideId "2188562"]
[BlackFideId "4193911"]
[WhiteElo "2241"]
[BlackElo "2153"]
[Result "1-0"]
[Round "07"]
[TimeControl "180+2"]
[Date "2023.04.11"]
[WhiteClock "0:00:25"]
[BlackClock "0:00:04"]

1. e4 d5 2. e5 c5 3. c3 d4 4. cxd4 cxd4 5. f4 Nc6 6. Bc4 Nh6 7. d3 Nf5 8. Nf3 e6 9. O-O h5 10. Nbd2 a5 11. Ne4 h4 12. a3 a4 13. Bd2 Be7 14. Qe2 h3 15. g3 Rb8 16. Bb5 Qb6 17. Bxa4 Bd7 18. b4 f6 19. exf6 gxf6 20. Bb3 Ra8 21. Rfc1 e5 22. fxe5 fxe5 23. Nc5 Bxc5 24. Rxc5 Kd8 25. Bg5+ Kc8 26. Nxe5 Re8 27. Bf4 Ne3 28. Qh5 Rf8 29. Nxd7 Kxd7 30. Qh7+ Ke8 31. Qg6+ Kd8 32. Qd6+ Ke8 33. Qe6+ Kd8 34. Bg5+ Kc7 35. Bf4+ Rxf4 36. gxf4 Rd8 37. Rac1 Rd6 38. Qf7+ Rd7 39. Qf6 Kb8 40. Ba4 Qa6 41. Bxc6 bxc6 42. Rxc6 Qxd3 43. Rc8+ Ka7 44. R1c7+ Rxc7 45. Rxc7+ Ka8 46. Qd8# 1-0


[Site "https://www.chess.com"]

[Event "Titled Tuesday Blitz April 11 Late 2023"]
[White "Bilan, Danila"]
[Black "Buchenau, Frank"]
[WhiteFideId "24161918"]
[BlackFideId "4604350"]
[WhiteElo "2182"]
[BlackElo "2157"]
[Result "0-1"]
[Round "07"]
[TimeControl "180+2"]
[Date "2023.04.11"]
[WhiteClock "0:00:04"]
[BlackClock "0:00:48"]

1. d4 e6 2. Nf3 Nf6 3. g3 b6 4. Bg2 Bb7 5. O-O Be7 6. c4 O-O 7. d5 exd5 8. Nh4 c6 9. cxd5 Nxd5 10. Nf5 Bf6 11. e4 Nc7 12. Nd6 Ba6 13. Re1 Ne8 14. Bf4 Bxb2 15. Nd2 Bxa1 16. Qxa1 Nxd6 17. Bxd6 c5 18. e5 Nc6 19. Ne4 Bd3 20. Qd1 Bxe4 21. Bxe4 Re8 22. f4 Nd4 23. Qh5 g6 24. Qh3 f5 25. Bd5+ Kg7 26. g4 fxg4 27. Qxg4 Rc8 28. e6 dxe6 29. Be5+ Kg8 30. Be4 Rf8 31. Bxg6 Nf3+ 32. Kf2 Nxe5 33. Rxe5 Qd4+ 34. Kg3 Qg1+ 35. Kh4 Qxg4+ 36. Kxg4 hxg6 37. Rxe6 Rce8 38. Rxg6+ Kh7 39. f5 Rg8 0-1


[Site "https://www.chess.com"]

[Event "Titled Tuesday Blitz April 11 Late 2023"]
[White "Alimpic, Aleksa"]
[Black "Grot, Blazej"]
[WhiteFideId "974323"]
[BlackFideId "21835845"]
[WhiteElo "2273"]
[BlackElo "1823"]
[Result "1-0"]
[Round "07"]
[TimeControl "180+2"]
[Date "2023.04.11"]
[WhiteClock "0:00:44"]
[BlackClock "0:01:46"]

1. d4 d6 2. c4 e5 3. e3 exd4 4. Qxd4 Nc6 5. Qd2 Be6 6. Nc3 Nf6 7. b3 d5 8. cxd5 Nxd5 9. Nxd5 Bxd5 10. Ne2 Be7 11. Nc3 Be6 12. Bb5 O-O 13. Bxc6 bxc6 14. O-O Bf6 15. Qc2 Qe7 16. Bb2 Rad8 17. Rac1 Qc5 18. Ne4 Qg5 19. Nxg5 Bxg5 20. Rfd1 Bd5 21. h4 Bxh4 22. e4 Be6 23. Rxd8 Bxd8 24. Rd1 Bg5 25. Qxc6 a5 26. Qc3 Bf6 27. Qc2 Bg5 28. Qxc7 a4 29. bxa4 Bxa2 30. Qc3 Bf6 31. Qa3 Bxb2 32. Qxb2 Be6 33. a5 h5 34. a6 h4 35. a7 h3 36. gxh3 g5 37. Qb8 Bxh3 38. Qxf8+ Kxf8 39. a8=Q+ Kg7 40. Qd5 Be6 41. Qxg5+ Kf8 42. Rd8# 1-0


[Site "https://www.chess.com"]

[Event "Titled Tuesday Blitz April 11 Late 2023"]
[White "Vifleemskaia, Svetlana"]
[Black "Korkmaz, Necmettin"]
[WhiteFideId "4129490"]
[BlackFideId "6303285"]
[WhiteElo "1930"]
[BlackElo "2097"]
[Result "0-1"]
[Round "07"]
[TimeControl "180+2"]
[Date "2023.04.11"]
[WhiteClock "0:00:10"]
[BlackClock "0:01:48"]

1. d4 d5 2. c4 e5 3. dxe5 d4 4. Nf3 Nc6 5. a3 Nge7 6. e3 Bg4 7. Be2 dxe3 8. Qxd8+ Rxd8 9. Bxe3 Ng6 10. Nbd2 Ngxe5 11. Nxe5 Nxe5 12. Bxg4 Nxg4 13. Bf4 Bd6 14. Bxd6 Rxd6 15. Nf3 Re6+ 16. Kf1 O-O 17. h3 Nf6 18. Re1 Rb6 19. b4 Ra6 20. Re3 c5 21. b5 Ra4 22. Nd2 Rd8 23. Ke2 a6 24. bxa6 Rxa6 25. Rb1 Rad6 26. Rb2 b6 27. Ne4 Nxe4 28. Rxe4 Kf8 29. f3 f5 30. Re5 g6 31. h4 Kf7 32. g3 Kf6 33. Rd5 Rxd5 34. cxd5 Rd6 35. f4 Ke7 36. Kf3 Kd7 37. g4 Kc7 38. h5 Rxd5 39. hxg6 hxg6 40. gxf5 gxf5 41. Ke3 Kc6 42. Rh2 Kb5 43. Rh6 c4 44. Rh8 c3 45. Rc8 Rc5 46. Rxc5+ Kxc5 47. Kd3 c2 48. Kxc2 Kc4 49. Kb2 Kd4 50. Kb3 Ke4 51. Kb4 Kxf4 52. Kb5 Ke5 53. Kxb6 f4 54. a4 f3 55. a5 f2 56. a6 f1=Q 0-1


[Site "https://www.chess.com"]

[Event "Titled Tuesday Blitz April 11 Late 2023"]
[White "Marcziter, Dmitrii"]
[Black "Womacka, Mathias"]
[WhiteFideId "13900765"]
[BlackFideId "4611390"]
[WhiteElo "2162"]
[BlackElo "2377"]
[Result "0-1"]
[Round "07"]
[TimeControl "180+2"]
[Date "2023.04.11"]
[WhiteClock "0:00:02"]
[BlackClock "0:00:08"]

1. e4 c5 2. Nc3 Nc6 3. f4 g6 4. Nf3 Bg7 5. Bc4 e6 6. d3 Nge7 7. O-O O-O 8. f5 exf5 9. Ng5 Na5 10. exf5 Nxc4 11. f6 Bxf6 12. Rxf6 Ne5 13. Qe2 d6 14. Rf1 Nf5 15. Nd5 Be6 16. Nf4 Nd4 17. Qd1 Bg4 18. Nf3 Bxf3 19. gxf3 Qh4 20. c3 Ne6 21. Nd5 f5 22. Qe2 Rae8 23. Qg2 Kh8 24. f4 Nxd3 25. Be3 b6 26. Rad1 c4 27. b3 Nec5 28. Bd4+ Kg8 29. bxc4 Re6 30. Nc7 Re4 31. Nd5 Kf7 32. Qf3 Rfe8 33. Rxd3 Nxd3 34. Qxd3 Re2 35. Ne3 Rxa2 36. Rd1 Qxh2+ 37. Kf1 Qh1# 0-1


[Site "https://www.chess.com"]

[Event "Titled Tuesday Blitz April 11 Late 2023"]
[White "Smith, Garrett L"]
[Black "Gonzalez, Francisco Silva"]
[WhiteFideId "2024829"]
[BlackFideId "1512285"]
[WhiteElo "2047"]
[BlackElo "2074"]
[Result "0-1"]
[Round "07"]
[TimeControl "180+2"]
[Date "2023.04.11"]
[WhiteClock "0:00:28"]
[BlackClock "0:01:04"]

1. e4 e5 2. Nf3 Nc6 3. Bc4 Bc5 4. b4 Bb6 5. c3 d6 6. d3 Nf6 7. O-O a6 8. Be3 Ba7 9. Nbd2 Ne7 10. Re1 Ng6 11. d4 O-O 12. Bd3 Re8 13. dxe5 dxe5 14. Nc4 Bxe3 15. Rxe3 Bg4 16. h3 Bxf3 17. Qxf3 Qe7 18. Bc2 Red8 19. Bb3 Nf4 20. Kh2 b5 21. Na5 Rd2 22. g3 Ne6 23. Rd3 Ng5 24. Qe3 Rxd3 25. Qxd3 Rd8 26. Nc6 Rxd3 27. Nxe7+ Kf8 28. Nc6 Nfxe4 29. a4 bxa4 30. Rxa4 Rxc3 31. Rxa6 g6 32. Bd5 Nxf2 33. Kg2 Nd3 34. Ra8+ Kg7 35. Rc8 Rc2+ 36. Kf1 e4 37. Rxc7 Rf2+ 38. Kg1 Nf3+ 39. Kh1 Rh2# 0-1


[Site "https://www.chess.com"]

[Event "Titled Tuesday Blitz April 11 Late 2023"]
[White "Rose, Felix"]
[Black "Kovalevsky, Stanislav"]
[WhiteFideId "5105722"]
[BlackFideId "13508598"]
[WhiteElo "2039"]
[BlackElo "2174"]
[Result "0-1"]
[Round "07"]
[TimeControl "180+2"]
[Date "2023.04.11"]
[WhiteClock "0:00:54"]
[BlackClock "0:00:11"]

1. e4 e6 2. d4 d5 3. Nc3 dxe4 4. Nxe4 Nf6 5. Nxf6+ gxf6 6. Nf3 Nc6 7. g3 Ne7 8. Bg2 Bd7 9. O-O Bc6 10. Re1 Qd7 11. c3 h5 12. Nh4 O-O-O 13. Bxc6 Qxc6 14. Qf3 Qxf3 15. Nxf3 Nf5 16. h4 c5 17. Re4 cxd4 18. cxd4 Kb8 19. Bf4+ Bd6 20. Rd1 Bxf4 21. Rxf4 Rd5 22. Rc1 Rhd8 23. Rc4 b5 24. Rb4 a5 25. Rb3 Kb7 26. a4 b4 27. Rd3 Rc8 28. Kf1 Rc2 29. b3 Kb6 30. Ke1 Rd7 31. d5 Rc3 32. Rxc3 bxc3 33. Rc4 Rxd5 34. Rxc3 Nd4 35. Nxd4 Rxd4 36. Ke2 f5 37. Ke3 Rb4 38. Kd3 e5 39. Kc2 f4 40. Rc8 fxg3 41. fxg3 Rg4 42. Rc3 f5 43. Rf3 f4 44. gxf4 exf4 45. Rh3 Kc5 46. Kc3 Rg3+ 47. Rxg3 fxg3 0-1


[Site "https://www.chess.com"]

[Event "Titled Tuesday Blitz April 11 Late 2023"]
[White "Dzierzak, Radoslaw"]
[Black "Rodriguez Santiago, Jaime"]
[WhiteFideId "1161407"]
[BlackFideId "3100898"]
[WhiteElo "2166"]
[BlackElo "2025"]
[Result "0-1"]
[Round "07"]
[TimeControl "180+2"]
[Date "2023.04.11"]
[WhiteClock "0:00:06"]
[BlackClock "0:00:17"]

1. e4 c6 2. Nf3 d5 3. Nc3 dxe4 4. Nxe4 Nf6 5. Qe2 Nxe4 6. Qxe4 Qa5 7. Bc4 Bf5 8. Qf4 e6 9. O-O Nd7 10. d4 Be7 11. Bd2 Qb6 12. Bc3 Bf6 13. Ne5 Bxe5 14. dxe5 Bxc2 15. a4 O-O 16. a5 Qc7 17. Rac1 Bg6 18. h4 h6 19. a6 b6 20. Be2 Rad8 21. Bf3 Nc5 22. Qg3 Kh8 23. Bb4 Bd3 24. Rfd1 Bxa6 25. Rxd8 Rxd8 26. Bxc5 bxc5 27. Rxc5 Bb5 28. Be4 Qe7 29. b4 Rd4 30. Bc2 Rxh4 31. Qxh4 Qxh4 0-1


[Site "https://www.chess.com"]